 Dungeon Crawl Stone Soup version 0.19-a0-1170-g18f0c96 (webtiles) character file.

175 JustSomeDude the Skirmisher (level 5, 0/42 HPs)
             Began as a Demonspawn Fighter on Aug 17, 2016.
             Slain by Pikel
             ... wielding a +1 whip of electrocution
              (14 damage)
             ... on level 4 of the Dungeon.
             The game lasted 00:04:43 (2254 turns).

JustSomeDude the Skirmisher (Demonspawn Fighter)    Turns: 2254, Time: 00:04:44

Health: 0/42       AC: 11    Str: 22    XL:     5   Next: 29%
Magic:  5/5        EV:  7    Int: 10    God:
Gold:   145        SH:  9    Dex: 12    Spells: 0 memorised, 4 levels left

rFire  . . .     SeeInvis .     a - +0 trident
rCold  . . .     Gourm    .     b - +0 scale mail
rNeg   . . .     Faith    .     c - +0 shield
rPois  .         Spirit   .     (no helmet)
rElec  .         Dismiss  .     (no cloak)
rCorr  .         Reflect  .     h - +0 pair of gloves
MR     .....     Harm     .     (no boots)
Stlth  +.........               (no amulet)
                                (no ring)
                                (no ring)

@: mighty, flying
A: molten scales 2, nightstalker 1
a: no special abilities


You were on level 4 of the Dungeon.
You were not hungry.

You visited 1 branch of the dungeon, and saw 4 of its levels.

You collected 145 gold pieces.

Inventory:

Hand Weapons
 a - a +0 trident (weapon)
Armour
 b - a +0 scale mail (worn)
 c - a +0 shield (worn)
 h - a +0 pair of gloves (worn)
Jewellery
 s - a cursed +4 amulet of reflection {unknown}
Scrolls
 e - 2 scrolls of magic mapping
 j - a scroll of recharging
 k - a scroll of teleportation
 o - 2 scrolls of remove curse
 q - a scroll of fear {unknown}
 t - 4 scrolls of identify
Potions
 d - a potion of might
 g - a potion of resistance {unknown}
 l - a potion of cancellation {unknown}
 m - a potion of flight
 u - a potion of berserk rage {unknown}
 v - a potion of invisibility {unknown}
Comestibles
 f - 5 bread rations
 i - 3 meat rations
 n - 2 fruits
 r - a royal jelly


   Skills:
 + Level 4.2 Fighting
 + Level 2.8 Polearms
 + Level 3.3 Armour
 + Level 1.0 Dodging
 + Level 0.4 Stealth
 + Level 3.1 Shields


You had 4 spell levels left.
You didn't know any spells.

Dungeon Overview and Level Annotations

Branches:
Dungeon (4/15)
 Temple: D:4-7

Altars:
Gozag

Annotations:
D:4 Pikel


Innate Abilities, Weirdness & Mutations

You are mostly covered in molten scales. (AC +3)
You are slightly more attuned to the shadows.


Message History

The slave barely misses you.
Your shield and scale mail prevent you from hitting Pikel.
You puncture Pikel!
Pikel is moderately wounded.
Pikel hits you with a whip of electrocution.
You hit Pikel.
Pikel is moderately wounded.
Pikel hits you but does no damage.
You hit Pikel but do no damage.
Pikel is moderately wounded.
Pikel hits you with a whip of electrocution.
Pikel hits you but does no damage.
You are electrocuted!
You feel very mighty all of a sudden. Pikel hits you but does no damage.
You are electrocuted!
It was a potion of flight.
You feel very buoyant.
You fly up into the air.
You block Pikel's attack.
It was a potion of cure mutation.
It has a very clean taste.
Pikel hits you but does no damage.
You are electrocuted!
You die...

#############
#.....@Kppp..
#####.###########
#...........
####.###.#####.
#....###.##
####.##......#
........###..#
####.##.# #...
.....##.# .###


You could see Pikel and 3 slaves.

Vanquished Creatures
  A worker ant (D:4)
  3 gnolls (D:2)
  4 adders
  3 oozes
  4 worms
  2 giant geckos
  An orc (D:4)
  3 giant cockroaches
  12 hobgoblins
  3 kobolds (D:2)
  7 bats
  A giant gecko skeleton (D:4)
  5 giant newts
  9 goblins
  6 rats
64 creatures vanquished.

Notes
Turn   | Place    | Note
-------+----------+-------------------------------------------
     0 | D:1      | JustSomeDude the Demonspawn Fighter began the quest for the Orb.
     0 | D:1      | Reached XP level 1. HP: 18/18 MP: 1/1
   282 | D:1      | Gained mutation: You are partially covered in molten scales. (AC +2) [demonic ancestry]
   282 | D:1      | Reached XP level 2. HP: 19/24 MP: 2/2
   723 | D:2      | Gained mutation: You are slightly more attuned to the shadows. [demonic ancestry]
   723 | D:2      | Reached XP level 3. HP: 18/29 MP: 3/3
  1117 | D:2      | Reached XP level 4. HP: 30/37 MP: 4/4
  1242 | D:2      | Reached skill level 1 in Dodging
  1575 | D:3      | Found an opulent altar of Gozag.
  1730 | D:3      | Reached skill level 4 in Fighting
  1831 | D:3      | Gained mutation: You are mostly covered in molten scales. (AC +3) [demonic ancestry]
  1831 | D:3      | Reached XP level 5. HP: 34/42 MP: 5/5
  2242 | D:4      | Noticed a slave
  2243 | D:4      | Noticed Pikel
  2245 | D:4      | Noticed a slave
  2246 | D:4      | Noticed a slave
  2254 | D:4      | Slain by Pikel

Vault maps used:
D:1:      minmay_arrival_hallway, minmay_misc_feat_enclosed
D:2:      first_bread, kennysheep_small_spiral
D:3:      lemuel_crystal_altar
D:4:      uniq_pikel

Skill      XL: |  1  2  3  4 |
---------------+-------------+-----
Polearms       | 2 |  2.8
Armour         | 3 |  3.3
Shields        | 3 |  3.1
Dodging        | 1 |  1.0
Fighting       | 4 |  4.2
Stealth        | |  0.4

Action                   |  1- 3 |  4- 6 || total
-------------------------+-------+-------++-------
Melee: Trident           |   120 |   154 ||   274
  Use: Scroll            |       |     5 ||     5
       Potion            |       |     3 ||     3
 Stab: Sleeping          |       |     1 ||     1
  Eat: Chunk             |       |     5 ||     5
Armor: Scale mail        |    33 |    51 ||    84
Dodge: Dodged            |    31 |    28 ||    59
Block: Shield            |    31 |    52 ||    83
